 Dungeon Crawl Stone Soup version 0.29.1-15-g9cfb28693d (webtiles) character file.

Game seed: 2971285077716581335

94 tizbic2 the Vexing (level 4, -1/44 HPs)
             Began as an Ogre Enchanter on Apr 19, 2023.
             Was a Follower of Qazlal.
             Slain by an orc
             ... wielding a +0 whip
              (6 damage)
             ... on level 3 of the Dungeon.
             The game lasted 00:08:58 (2972 turns).

tizbic2 the Vexing (Ogre Enchanter)                 Turns: 2972, Time: 00:08:58

Health: -1/44      AC:  3    Str: 14    XL:     4   Next: 63%
Magic:  7/7        EV:  8    Int: 16    God:    Qazlal [*.....]
Gold:   132        SH: 11    Dex:  9    Spells: 8/8 levels left

rFire   . . .      SeeInvis .   a - +1 dagger
rCold   . . .      Faith    .   f - +2 kite shield
rNeg    . . .      Spirit   .   b - +0 robe
rPois   .          Reflect  .   (helmet restricted)
rElec   .          Harm     .   (no cloak)
rCorr   .          Rampage  .   (gloves unavailable)
Will    .....                   (boots unavailable)
Stlth   ++........              (no amulet)
HPRegen 0.14/turn               (no ring)
MPRegen 0.10/turn               (no ring)

@: no status effects
A: large, unfitting armour, tough skin 1
a: Renounce Religion


You were on level 3 of the Dungeon.
You worshipped Qazlal.
Qazlal was aware of your devotion.
You visited 1 branch of the dungeon, and saw 3 of its levels.

You collected 132 gold pieces.

Inventory:

Hand Weapons
 a - a +1 dagger (weapon)
 e - a +0 club
Missiles
 j - 6 atropa-tipped darts
Armour
 b - a +0 robe (worn)
 f - a +2 kite shield (worn)
Jewellery
 o - a +6 ring of dexterity
Wands
 r - a wand of iceblast (8) (quivered)
Scrolls
 d - a scroll of magic mapping {unknown}
 h - a scroll of fear {unknown}
 i - 2 scrolls of identify
 q - a scroll of summoning {unknown}
Potions
 c - a potion of invisibility
 g - 3 potions of haste
 k - a potion of ambrosia
 l - 2 potions of brilliance {unknown}
 m - a potion of berserk rage {unknown}
 n - a potion of lignification {unknown}
 p - a potion of magic {unknown}


   Skills:
 + Level 2.3 Fighting
 - Level 1.1 Short Blades
 + Level 1.2 Maces & Flails
 - Level 1.9 Dodging
 - Level 2.1 Stealth
 * Level 2.2 Shields
 - Level 0.8 Unarmed Combat
 + Level 2.5 Spellcasting
 + Level 2.7 Hexes


You had 8 spell levels left.
You didn't know any spells.
Your spell library contained the following spells:

 Spells                   Type           Power      Damage    Failure   Level
 Ensorcelled Hibernation  Hex/Ice        12%        N/A       38%         2
 Apportation              Tloc           4%         N/A       43%         1
 Confusing Touch          Hex            10%        N/A       43%         3
 Tukima's Dance           Hex            10%        N/A       43%         3
 Dazzling Flash           Conj/Hex       12%        N/A       63%         3
 Summon Ice Beast         Ice/Summ       2%         N/A       99%         4
 Alistair's Intoxication  Tmut/Pois      1%         N/A       100%        5
 Summon Mana Viper        Hex/Summ       6%         N/A       100%        5
 Dispersal                Tloc           1%         N/A       100%        6
 Monstrous Menagerie      Summ           1%         N/A       100%        7
 Disjunction              Tloc           1%         N/A       100%        8


Dungeon Overview and Level Annotations

Branches:
Dungeon (3/15)

Altars:
Qazlal
The Shining One


Innate Abilities, Weirdness & Mutations

You are too large for most types of armour.
You have tough skin. (AC +1)


Message History

The orc barely misses you.
You hit the orc but do no damage.
The orc is moderately wounded.
The orc hits you but does no damage.
You closely miss the orc.
The orc is moderately wounded.
You block the orc's attack. The orc completely misses you.
You hit the orc but do no damage.
The orc is lightly wounded.
The orc hits you with a +0 whip.
* * * LOW HITPOINT WARNING * * *
You hit the orc but do no damage.
The orc is lightly wounded.
You hear a shout!
You block the orc's attack.
You hit the orc.
The orc is severely wounded.
The orc hits you but does no damage.
A goblin comes into view. It is wielding a +0 club.
The goblin shouts!
You hit the orc but do no damage.
The orc is severely wounded.
You block the orc's attack.
You hit the orc but do no damage.
The orc is severely wounded.
The goblin hits you but does no damage. You block the orc's attack.
You closely miss the orc.
The orc is severely wounded.
The goblin hits you with a +0 club.
* * * LOW HITPOINT WARNING * * *
The orc closely misses you.
You hit the orc but do no damage.
The orc is severely wounded.
The goblin hits you with a +0 club.
* * * LOW HITPOINT WARNING * * *
The orc barely misses you.
You hit the orc but do no damage.
The orc is severely wounded.
You block the goblin's attack. The orc hits you with a +0 whip.
You die...

#...##.##.....#
.!....###..#)#...#
..##.. #..##.# ..#
#.. #..###..###
.#..##.##.##).#
.......†#.#..##
#.†....##
#g##.#..#
#@##<##.... #o##.#
##### ..##.#
...##.# ....##.#
...#.##.# .#<##.#
#.#. #.#


You could see an orc and a goblin.

Vanquished Creatures
  Jessica (D:2)
  3 adders
  2 dart slugs
  An orc (D:2)
  4 bats
  2 endoplasms
  A giant cockroach (D:1)
  4 goblins
  2 hobgoblins
  2 jackals (D:1)
  6 kobolds
  A quokka (D:1)
  5 ball pythons
  2 frilled lizards
  4 rats
40 creatures vanquished.

Notes
Turn   | Place    | Note
-------+----------+-------------------------------------------
     0 | D:1      | tizbic2 the Ogre Enchanter began the quest for the Orb.
     0 | D:1      | Reached XP level 1. HP: 16/16 MP: 3/3
   146 | D:1      | Reached skill level 1 in Short Blades
   293 | D:1      | Reached XP level 2. HP: 21/26 MP: 5/5
   549 | D:1      | Reached skill level 1 in Fighting
   897 | D:1      | Reached skill level 1 in Shields
   897 | D:1      | Reached XP level 3. HP: 33/33 MP: 6/6
  1310 | D:2      | Found a glowing golden altar of the Shining One.
  1325 | D:2      | Found a faded altar of an unknown god.
  1334 | D:2      | Prayed at the altar of an unknown god.
  1334 | D:2      | Became a worshipper of Qazlal Stormbringer
  1334 | D:2      | Reached * piety under Qazlal
  1344 | D:2      | Noticed Jessica
  1355 | D:2      | Killed Jessica
  1356 | D:2      | Reached skill level 1 in Maces & Flails
  1739 | D:2      | Reached XP level 4. HP: 42/42 MP: 7/7
  2972 | D:3      | Slain by an orc

Illustrated notes

Levels and vault maps discovered:
D:1:      saegor_arrival_miasma, layout_basic, hex_medium
D:2:      layout_basic, basic_altar, ebering_ecumenical_altar_abandoned,
          kennysheep_donut, uniq_jessica
D:3:      layout_loops_ring, minmay_between, uniq_grinder

Skill      XL: |  1  2  3  4 |
---------------+-------------+-----
Short Blades   | 1 |  1.1
Fighting       | 1 2 |  2.3
Shields        | 1 2 |  2.2
Maces & Flails | 1 |  1.2
Dodging        | |  1.9
Stealth        | |  2.1
Unarmed Combat | |  0.8
Spellcasting   | |  2.5
Hexes          | |  2.7

Action                   |  1- 3 |  4- 6 || total
-------------------------+-------+-------++-------
Melee: Dagger            |   116 |   125 ||   241
       Punch             |     1 |       ||     1
Throw: Dart              |       |     1 ||     1
  Use: Potion            |     1 |       ||     1
       Scroll            |       |     2 ||     2
 Stab: Sleeping          |     2 |       ||     2
       Invisible         |     1 |     1 ||     2
Armor: Robe              |    34 |    24 ||    58
Dodge: Dodged            |    49 |    41 ||    90
Block: Kite shield       |    41 |    52 ||    93
